 Dungeon Crawl Stone Soup version 0.29-a0-998-g1987434951 (webtiles) character file.

Game seed: 2445659337748729014

662 quixfox the Digger (level 7, -1/43 HPs)
             Began as a Gargoyle Earth Elementalist on Aug 6, 2022.
             Slain by an orc warrior
             ... wielding a +0 flail
              (10 damage)
             ... on level 8 of the Dungeon.
             The game lasted 00:08:32 (4681 turns).

quixfox the Digger (Gargoyle Earth Elementalist)    Turns: 4681, Time: 00:08:33

Health: -1/43      AC:  7    Str: 17    XL:     7   Next: 56%
Magic:  22/22      EV: 11    Int: 18    God:
Gold:   292        SH:  0    Dex: 10    Spells: 8/14 levels left

rFire   . . .      SeeInvis .   c - staff of conjuration
rCold   . . .      Faith    .   (no shield)
rNeg    + . .      Spirit   .   a - +0 robe
rPois   ∞          Reflect  .   (no helmet)
rElec   +          Harm     .   (no cloak)
rCorr   .          Rampage  .   w - +0 pair of gloves
Will    .....                   (no boots)
Stlth   +.........              b - amulet of the acrobat
HPRegen 0.14/turn               d - +6 ring of strength
MPRegen 0.18/turn               i - ring of magical power

@: confused
A: sickness immunity, AC +4, negative energy resistance 1, electricity
resistance, torment resistance 1, petrification resistance
a: no special abilities


You were on level 8 of the Dungeon.
You visited 1 branch of the dungeon, and saw 6 of its levels.

You collected 292 gold pieces.

Inventory:

Missiles
 u - a throwing net
Armour
 a - a +0 robe (worn)
 w - a +0 pair of gloves (worn)
Magical Staves
 c - a staff of conjuration (weapon)
Jewellery
 b - an amulet of the acrobat (around neck)
 d - a +6 ring of strength (left hand)
 i - a ring of magical power (right hand)
 o - a +6 ring of strength
Wands
 n - a wand of flame (25)
Scrolls
 e - a scroll of torment {unknown}
 f - a scroll of enchant weapon
 g - a scroll of acquirement
 h - 3 scrolls of teleportation
 r - a scroll of fog
Potions
 k - a potion of haste
 l - a potion of resistance
 m - a potion of mutation
 p - a potion of berserk rage
 q - a potion of lignification
 t - a potion of might
 v - 2 potions of brilliance {unknown}


   Skills:
 + Level 4.2 Fighting
 - Level 1.5 Dodging
 - Level 2.1 Stealth
 + Level 4.1 Spellcasting
 + Level 3.8 Conjurations
 - Level 0.7 Transmutations
 + Level 6.0 Earth Magic


You had 8 spell levels left.
You knew the following spells:

 Your Spells              Type           Power      Damage    Failure   Level
a - Sandblast             Erth           50%        2d12      1%          1
b - Passwall              Tmut/Erth      12%        N/A       5%          2
c - Stone Arrow           Conj/Erth      64%        3d11      6%          3

Your spell library contained the following spells:

 Spells                   Type           Power      Damage    Failure   Level
 Necrotise                Necr           12%        1d4       14%         1
 Petrify                  Tmut/Erth      15%        N/A       34%         4
 Summon Ice Beast         Ice/Summ       3%         N/A       82%         4
 Summon Mana Viper        Hex/Summ       3%         N/A       99%         5
 Monstrous Menagerie      Summ           1%         N/A       100%        7
 Borgnjor's Revivificati  Necr           1%         N/A       100%        8
 Death's Door             Necr           1%         N/A       100%        9


Dungeon Overview and Level Annotations

Branches:
Dungeon (5/15)
 Temple: D:4-7

Altars:
Makhleb

Shops:
D:1 :   D:2 (

Annotations:
D:5 2 transporters, RevDB's ghost, amateur DrCj


Innate Abilities, Weirdness & Mutations

You are immune to sickness and miasma.
Your stone body is resilient. (AC +4)
You are immune to poison.
You resist negative energy. (rN+)
You are resistant to electric shocks. (rElec)
You are resistant to unholy torment.
You are immune to petrification.


Message History

You resist with some effort.
An orc comes into view.
It is wielding a +0 hand axe and wearing a +0 ring mail of fire resistance.
An orc comes into view. It is wielding a +0 dagger.
The orc wizard gestures at you while chanting.
You are more confused.
You are too confused!
You're too confused to move!
The orc shouts! x2; You hear a shout!
The orc priest mumbles some strange prayers to Beogh against you.
Beogh smites you!
You're too confused to move!
An orc comes into view. It is wielding a +0 flail.
The orc wizard hits you with a +0 dagger.
The orc warrior hits you with a +0 flail!
You bump into the rock wall.
The orc priest hits you from afar with a +0 trident.
The orc wizard casts a spell at you. You resist with some effort.
You hit the orc wizard but do no damage.
The orc priest barely misses you. x2
The orc wizard casts a spell at you. The puff of flame hits you!
The orc warrior completely misses you. The orc barely misses you.
Unknown command.
You miss the orc wizard.
An orc comes into view. It is wielding a +0 mace.
The orc priest barely misses you. x2; The orc warrior barely misses you.
The orc hits you but does no damage.
The orc wizard hits you but does no damage.
You closely miss the orc.
The orc shouts!
The orc hits you but does no damage.
The orc priest hits you but does no damage.
The orc priest looks encouraged for a moment.
The orc hits you with a +0 short sword.
* * * LOW HITPOINT WARNING * * *
The orc wizard hits you with a +0 dagger.
* * * LOW HITPOINT WARNING * * *
The orc warrior hits you with a +0 flail!
You die...

. #.# .. ###.#
####### ....####...#
....... #........###
....... ###..##..###
.......
......#....###.......
#...##.......!...
#....#####oo.......
#.......##@o.......
##......ooo#.......
#.......o.##.#####
......o.### .#
.^......# # #........
..o. ##.. #.


You could see an orc warrior, 2 orc priests, an orc wizard and 5 orcs.

Vanquished Creatures
  A kobold brigand (D:5)
  2 necrophages (D:4)
  2 hounds (D:5)
  3 orc priests
  2 iguanas
  4 orc wizards
  4 gnolls (D:4)
  5 adders
  A white imp (D:5)
  A worm (D:2)
  2 dart slugs
  9 orcs
  3 bats
  4 endoplasms
  6 hobgoblins
  3 quokkas
  5 ball pythons
  2 frilled lizards (D:1)
  7 goblins
  11 kobolds
  4 rats
81 creatures vanquished.

Vanquished Creatures (others)
  2 plants (D:4)
2 creatures vanquished.

Grand Total: 83 creatures vanquished

Notes
Turn   | Place    | Note
-------+----------+-------------------------------------------
     0 | D:1      | quixfox the Gargoyle Earth Elementalist began the quest for
                  | the Orb.
     0 | D:1      | Reached XP level 1. HP: 10/10 MP: 3/3
   244 | D:1      | Reached XP level 2. HP: 16/16 MP: 3/5
   251 | D:1      | Reached skill level 1 in Fighting
   357 | D:1      | Reached skill level 4 in Earth Magic
   412 | D:1      | Found Dyocsut's Vocational Training.
   551 | D:1      | Found a faded altar of an unknown god.
   788 | D:2      | Found Rauluk's Weapon Emporium.
   832 | D:2      | Found a burning altar of Makhleb.
   953 | D:2      | Reached XP level 3. HP: 20/20 MP: 4/6
   956 | D:2      | Learned a level 2 spell: Passwall
   960 | D:2      | Learned a level 3 spell: Stone Arrow
  1556 | D:3      | Got the Catalogue of the Grave
  2024 | D:3      | Reached skill level 1 in Conjurations
  2024 | D:3      | Reached XP level 4. HP: 17/26 MP: 2/8
  2517 | D:4      | Noticed a necrophage
  2547 | D:4      | Killed a necrophage
  2548 | D:4      | Reached XP level 5. HP: 26/31 MP: 5/9
  2800 | D:4      | Reached skill level 5 in Earth Magic
  2898 | D:4      | Reached XP level 6. HP: 16/37 MP: 6/11
  3734 | D:5      | Entered Level 5 of the Dungeon
  3740 | D:5      | Identified 2 scrolls of acquirement
  3740 | D:5      | Acquired a staff of conjuration
  3953 | D:5      | Reached XP level 7. HP: 42/42 MP: 9/12
  3992 | D:5      | Found a transporter.
  3994 | D:5      | Noticed RevDB's ghost (amateur DrCj)
  3995 | D:5      | Found a transporter.
  4342 | D:5      | Reached skill level 6 in Earth Magic
  4498 | D:5      | You fall into a shaft and drop 3 floors!
  4681 | D:8      | Slain by an orc warrior

Illustrated notes

Levels and vault maps discovered:
D:1:      psy_arrival_conway, layout_rooms, shapermc_ecumenical_altar_gd,
          minivault_11, nicolae_shop_vocational
D:2:      layout_loops_ring, basic_altar, serial_shops, shop
D:3:      layout_basic
D:4:      layout_rooms, chequers_big_river, minmay_misc_feat_chi
D:5:      layout_loops_ring, lemuel_coloured_pillars_altar,
          gammafunk_ghost_mausoleum
D:8:      layout_rooms, minmay_hollow_rounded_squares, uniq_maurice

Skill      XL: |  1  2  3  4  5  6  7 |
---------------+----------------------+-----
Fighting       | 1 2 3 4 |  4.2
Earth Magic    | 4 5 6 |  6.0
Conjurations   | 1 2 3 |  3.8
Spellcasting   | 3 4 |  4.1
Dodging        | |  1.5
Stealth        | |  2.1
Transmutations | |  0.7

Action                   |  1- 3 |  4- 6 |  7- 9 || total
-------------------------+-------+-------+-------++-------
Melee: Unarmed           |     1 |     5 |       ||     6
       Staff             |       |     1 |     3 ||     4
 Cast: Sandblast         |    55 |    61 |    24 ||   140
  Use: Potion            |     2 |     4 |       ||     6
       Scroll            |       |     7 |     5 ||    12
Armor: Robe              |     5 |    24 |     7 ||    36
Dodge: Dodged            |    16 |    18 |    16 ||    50

Table legend: (Time is in decaauts)
 A = Elapsed time spent in this place.
 B = Non-inter-level travel time spent in this place.
 C = Inter-level travel time spent in this place.
 D = Time resting spent in this place.
 E = Time spent auto-exploring this place.
 F = Levels seen in this place.
 G = Mean time per level.
                   A        B        C        D        E       F      G
               +--------+--------+--------+--------+--------+-----+--------+
         Total |   4849 |   4738 |    111 |    795 |   3280 |   6 |  808.2 |
       Dungeon |   4849 |   4738 |    111 |    795 |   3280 |   6 |  808.2 |
               +--------+--------+--------+--------+--------+-----+--------+

Top non-repeatable levels by time:
     D:4: 1273 daAuts
     D:3: 1073 daAuts
     D:5: 802 daAuts
     D:1: 795 daAuts
     D:2: 721 daAuts
     D:8: 182 daAuts
